 Dungeon Crawl Stone Soup version 0.27.0-1-g7a08968 (webtiles) character file.

Game seed: 15694066596179020217

126 tokuyamm9 the Skirmisher (level 5, -8/47 HPs)
             Began as a Hill Orc Fighter on Aug 14, 2021.
             Killed by nerve-wracking pain
             ... invoked by an orc priest
              (14 damage)
             ... on level 3 of the Dungeon.
             The game lasted 00:03:55 (1944 turns).

tokuyamm9 the Skirmisher (Hill Orc Fighter)         Turns: 1944, Time: 00:03:56

Health: -8/47      AC:  7    Str: 20    XL:     5   Next: 10%
Magic:  5/5        EV:  7    Int:  8    God:
Gold:   166        SH:  9    Dex: 10    Spells: 4/4 levels left

rFire    . . .     SeeInvis .   a - +1 war axe
rCold    . . .     Faith    .   c - +0 kite shield
rNeg     . . .     Spirit   .   b - +0 scale mail
rPois    .         Reflect  .   (no helmet)
rElec    .         Harm     .   (no cloak)
rCorr    .         Rampage  .   (no gloves)
Will     .....                  (no boots)
Stlth    ..........             (no amulet)
HPRegen  0.15/turn              (no ring)
MPRegen  0.09/turn              (no ring)

@: lethally poisoned (-8 -> -22)
A: no striking features
a: Convert to Beogh


You were on level 3 of the Dungeon.
You visited 1 branch of the dungeon, and saw 3 of its levels.

You collected 166 gold pieces.

Inventory:

Hand Weapons
 a - a +1 war axe (weapon)
Armour
 b - a +0 scale mail (worn)
 c - a +0 kite shield (worn)
Scrolls
 h - 2 scrolls of teleportation
Potions
 d - a potion of might
 e - a potion of haste {unknown}
 f - a potion of heal wounds {unknown}


   Skills:
 + Level 4.6 Fighting
 + Level 4.0 Axes
 + Level 4.2 Armour
 + Level 4.2 Shields


You had 4 spell levels left.
You didn't know any spells.
Your spell library contained the following spells:

 Spells                   Type           Power      Damage    Failure   Level
 Dazzling Flash           Conj/Hex       0%         N/A       100%        3
 Agony                    Necr           0%         N/A       100%        5
 Silence                  Hex/Air        0%         N/A       100%        5


Dungeon Overview and Level Annotations

Branches:
Dungeon (3/15)

Altars:


Message History

You hit the orc wizard. You block the orc's attack.
The orc wizard hits you with a +0 dagger.
The orc priest mumbles some strange prayers to Beogh against you.
You barely resist. The orc hits you but does no damage.
You are poisoned.
The orc wizard hits you but does no damage.
You closely miss the orc.
The orc is heavily wounded.
You slash the orc wizard!
You kill the orc wizard!
You barely miss the orc priest.
You feel very sick. You block the orc priest's attack.
You block the orc's attack.
Your Axes skill increases to level 4!
You have reached level 5!
You feel stronger.
You closely miss the orc.
The orc is heavily wounded.
You barely miss the orc priest.
You feel sick. You block the orc priest's attack.
The orc hits you but does no damage.
You are more poisoned.
The orc priest hits you but does no damage.
The orc hits you with a +2 dagger of venom.
You are lethally poisoned!
You slash the orc!
You kill the orc!
You completely miss the orc priest.
You feel extremely sick.
The orc priest shouts, "Beogh is our master!
Accept the truth or die!"
You block the orc priest's attack.
* * * LOW HITPOINT WARNING * * *
You feel very sick. You block the orc priest's attack.
Things that are here:
a +2 dagger of venom; 3 boomerangs; a +0 hand axe
* * * LOW HITPOINT WARNING * * *
You feel very sick.
The orc priest invokes the aid of Beogh against you.
Pain shoots through your body!
You die...

.# ####.# # #....#.#
#####....#.#
........... ..
.......###.# #.
##.######........#
#.### .......<@)o)....#
#.#.. ..........#.....#
#.#.###
##.....†.#.....#
#.#.#..
#.......#.......#.#.#.#
#.......#.###.###.#....
#.......#.# # #......
#.##.......#.# #......
#..........#.# ##.....
#######....## #.....


You could see an orc priest.

Vanquished Creatures
  An orc priest (D:3)
  An orc wizard (D:3)
  3 gnolls
  A worm (D:2)
  A dart slug (D:2)
  An orc (D:3)
  4 ball pythons
  6 bats
  3 endoplasms
  2 giant cockroaches
  2 goblins
  3 hobgoblins
  4 jackals (D:3)
  2 kobolds
  2 frilled lizards (D:1)
  4 rats
40 creatures vanquished.

Notes
Turn   | Place    | Note
-------+----------+-------------------------------------------
     0 | D:1      | tokuyamm9 the Hill Orc Fighter began the quest for the Orb.
     0 | D:1      | Reached XP level 1. HP: 19/19 MP: 1/1
   222 | D:1      | Found a faded altar of an unknown god.
   241 | D:1      | Reached XP level 2. HP: 17/27 MP: 2/2
  1053 | D:2      | Reached XP level 3. HP: 29/33 MP: 3/3
  1623 | D:3      | Reached XP level 4. HP: 13/40 MP: 4/4
  1941 | D:3      | Reached XP level 5. HP: 31/47 MP: 5/5
  1944 | D:3      | Killed from afar by an orc priest

Illustrated notes

Levels and vault maps discovered:
D:1:      matt_arrival_diagonals, layout_basic,
          hellmonk_ecumenical_altar_arch_garden
D:2:      layout_rooms
D:3:      layout_basic

Skill      XL: |  1  2  3  4 |
---------------+-------------+-----
Axes           | 3 4 |  4.0
Fighting       | 4 |  4.6
Armour         | 4 |  4.2
Shields        | 4 |  4.2

Action                   |  1- 3 |  4- 6 || total
-------------------------+-------+-------++-------
Melee: War axe           |    71 |    19 ||    90
  Use: Scroll            |       |     3 ||     3
Armor: Scale mail        |    42 |     9 ||    51
Dodge: Dodged            |    24 |     4 ||    28
Block: Kite shield       |    51 |    14 ||    65
